 Dungeon Sprint DCSS version 0.31-a0-662-g684573625c (webtiles) character file.

Game seed: 16827816129528897188

14841 fingers the Executioner (level 12, -21/117 (125) HPs)
             Began as a Hill Orc Monk on Aug 31, 2023.
             Was the Champion of Wu Jian.
             Demolished by a pharaoh ant (27 damage)
             ... in the Dungeon (Sprint V: "Ziggurat Sprint").
             The game lasted 00:04:02 (400 turns).

fingers the Executioner (Hill Orc Monk)              Turns: 400, Time: 00:04:03

HP:   -21/117 (125) AC: 30    Str: 29    XL:     12   Next: 20%
MP:   0/12          EV:  3    Int: 10    God:    Wu Jian [******]
Gold: 0             SH: 32    Dex: 13    Spells: 11/11 levels left

rFire   . . .        z - +16 obsidian axe {drain, demonic, Mesm Drain Fly SInv}
rCold   . . .        B - +18 shield of the Gong {Loud rN+ Will+ rCorr EV-5}
rNeg    + . .        A - +15 Maxwell's patent armour {-Cast -Tele rElec Will+ rCorr}
rPois   .            (no helmet)
rElec   +            (no cloak)
rCorr   +            (no gloves)
SInv    +            (no boots)
Will    ++...        D - amulet of guardian spirit
Stlth   x              - +6 ring of strength
HPRegen 0.39/turn    y - +6 ring of strength
MPRegen 0.13/turn

%: no teleportation, no spellcasting, guardian spirit
@: lethally poisoned (-21 -> -34), spiked, flying, mesmerised, slowed, drained,
very slow
A: weak 1, no potion heal 1, subdued magic 1
a: Renounce Religion, Wall Jump, Serpent's Lash, Heavenly Storm


You were in the Dungeon.
You worshipped Wu Jian.
Wu Jian was exalted by your worship.
You visited 1 branch

Inventory:

Hand Weapons
 z - the +16 obsidian axe (weapon) {drain, demonic, Mesm Drain Fly SInv}
   (You found it in the Dungeon)

   Mesm:      Its wielder is mesmerised by any visible foes, and it cannot be
   unequipped while any foes are visible.
   SInv:      It lets you see invisible.
   Fly:       It grants you flight.
   Drain:     It drains your maximum health when unequipped.
 C - the +7 great mace "Firestarter" {flame, immolate, rFlCloud rF++}
   (You found it in the Dungeon)

   rFlCloud:  It grants immunity to clouds of flame.
   rF++:      It greatly protects you from fire.
Armour
 A - the +15 Maxwell's patent armour (worn) {-Cast -Tele rElec Will+ rCorr}
   (You found it in the Dungeon)

   rElec:     It insulates you from electricity.
   Will+:     It increases your willpower.
   -Cast:     It prevents spellcasting.
   -Tele:     It prevents most forms of teleportation.
   rCorr:     It protects you from acid and corrosion.
 B - the +18 shield of the Gong (worn) {Loud rN+ Will+ rCorr EV-5}
   (You found it in the Dungeon)

   Loud:      It is deafeningly noisy when blocking attacks.
   EV-5:      It affects your evasion (-5).
   rN+:       It protects you from negative energy.
   Will+:     It increases your willpower.
   rCorr:     It protects you from acid and corrosion.
Jewellery
 s - a ring of flight
 t - a +6 ring of dexterity
 u - a +6 ring of dexterity
 v - a +6 ring of intelligence
 w - a +6 ring of intelligence
 x - a +6 ring of strength (left hand)
 y - a +6 ring of strength (right hand)
 D - an amulet of guardian spirit (around neck)
 F - an amulet of regeneration
 I - a ring of see invisible
Wands
 q - a wand of mindburst (7)
 r - a wand of quicksilver (11)
 E - a wand of roots (4)
 G - a wand of flame (6)
 H - a wand of paralysis (3)
Scrolls
 j - 4 scrolls of blinking
 m - 4 scrolls of amnesia
 n - 7 scrolls of fog
 o - 5 scrolls of identify
 p - 2 scrolls of fear
Potions
 a - 2 potions of brilliance
 b - 2 potions of invisibility
 c - a potion of ambrosia
 d - 4 potions of resistance
 e - 9 potions of curing
 f - 4 potions of heal wounds
 g - 10 potions of haste
 h - 7 potions of magic
 i - 3 potions of berserk rage
 l - 5 potions of might
Miscellaneous
 k - a phantom mirror


   Skills:
 * Level 17.5 Fighting
 * Level 23.9 Axes
 * Level 12.0 Armour
 - Level 2.4 Dodging
 + Level 0.4 Stealth
 * Level 17.1 Shields
 + Level 2.1 Evocations


You had 11 spell levels left.
You didn't know any spells.
Your spell library contained the following spells:

 Spells                   Type           Power      Damage    Failure   Level
 Slow                     Hex            0%         N/A       97%         1
 Ensorcelled Hibernation  Hex/Ice        0%         N/A       99%         2
 Call Canine Familiar     Summ           0%         N/A       100%        3
 Confusing Touch          Hex            0%         N/A       100%        3
 Ozocubu's Armour         Ice            0%         N/A       100%        3
 Portal Projectile        Hex/Tloc       0%         N/A       100%        3
 Stone Arrow              Conj/Erth      0%         3d7       100%        3
 Tukima's Dance           Hex            0%         N/A       100%        3
 Vampiric Draining        Necr           0%         2d6       100%        3
 Iskenderun's Mystic Bla  Conj/Tloc      0%         2d3       100%        4
 Leda's Liquefaction      Hex/Erth       0%         N/A       100%        4
 Alistair's Intoxication  Tmut/Pois      0%         N/A       100%        5
 Borgnjor's Vile Clutch   Necr/Erth      0%         N/A       100%        5
 Metabolic Englaciation   Hex/Ice        0%         N/A       100%        5
 Eringya's Noxious Bog    Tmut/Pois      0%         4d6       100%        6
 Simulacrum               Ice/Necr       0%         N/A       100%        6
 Chain Lightning          Conj/Air       0%         N/A       100%        9
 Fire Storm               Conj/Fire      0%         5d1       100%        9
 Shatter                  Erth           0%         3d5*      100%        9


Dungeon Overview and Level Annotations

Branches:
Dungeon (1/1)

Altars:
Ashenzari
Cheibriados
Dithmenos
Elyvilon
Fedhas
Gozag
Hepliaklqana
Kikubaaqudgha
Makhleb
Nemelex Xobeh
Okawaru
Qazlal
Ru
Sif Muna
Trog
Uskayaw
Vehumet
Wu Jian
Xom
Yredelemnul
Zin
The Shining One
Beogh
Jiyva
Lugonu

Annotations:
D 1 transporter


Innate Abilities, Weirdness & Mutations

You are weak. (Str -2)
Potions are less effective at restoring your health.
Your spells are a little easier to cast, but a little less powerful.


Message History

The steelbarb worm hits you but does no damage.
The torpor snail bites you but does no damage.
The jorogumo hits you!
* * * LOW HITPOINT WARNING * * *
You are poisoned.
You feel as though you will be slow longer.
The hornet stings you but does no damage.
The pharaoh ant barely misses you. The entropy weaver hits you.
* * * LOW HITPOINT WARNING * * *
The entropy weaver barely misses you.
The entropy weaver hits you but does no damage.
The entropy weaver hits you.
* * * LOW HITPOINT WARNING * * *
The steelbarb worm hits you!
* * * LOW HITPOINT WARNING * * *
Barbed spikes become lodged in your body.
Your system partially rejects the healing.
You feel much better.
Visions of slaying the entropy weaver flood into your mind.
* * * LOW HITPOINT WARNING * * *
You feel extremely sick. You block the hornet's attack.
PTOANNNG!
You block the jorogumo's attack.
GONNNNG!
The pharaoh ant bites you!
* * * LOW HITPOINT WARNING * * *
You partially resist.
You feel drained.
* * * LOW HITPOINT WARNING * * *
The entropy weaver points at you and mumbles some strange words.
You block the torpor snail's attack.
GONNNNG!
The steelbarb worm hits you but does no damage.
You block the hornet's attack.
GONNNNG!
The jorogumo casts a spell at you. The stream of webbing misses you.
The stream of webbing hits the pharaoh ant but does no damage.
The pharaoh ant bites you!!
You die...

▓▓▓▓▓▓▓▓▓▓▓▓▓▓▓▓▓▓▓
▓...8©8...▓...8©8...▓
▓..|)|))..▓°.|°)=|..▓
▓..||)|:..▓....).|..▓
▓.........▓...°.....▓
▓.........▓....†....▓
▓....B....▓...†.....▓
▓...Bww...▓.........▓
▓...B@H...▓.▓.....▓.▓
▓.▓...y.▓.▓....©....▓
▓....©....▓▓▓▓▓▓▓▓▓▓▓
▓▓▓▓▓▓▓▓▓▓▓


You could see a jorogumo (drained), a radroach (drained), an entropy weaver
(mesmerising), a steelbarb worm, a torpor snail (drained), a pharaoh ant and a
hornet.

Vanquished Creatures
  A vault warden (D)
  An ironbound thunderhulk (D)
  An entropy weaver (shapeshifter) (D)
  A centaur warrior (D)
  3 dancing weapons (D)
  A deep elf archer (D)
  3 deep elf pyromancers (D)
  A wolf spider (D)
  A cyclops (D)
  3 shining eyes (D)
  3 ugly things (D)
  A vault sentinel (D)
  2 wind drakes (D)
  5 merfolk (D)
  A troll (shapeshifter) (D)
  A tarantella (D)
  A basilisk (shapeshifter) (D)
  2 neqoxecs (D)
  A redback (D)
  2 golden eyes (shapeshifter) (D)
  2 nagas (D)
  A wolf (D)
  2 centaurs (D)
  A bullfrog (D)
  2 iguanas (D)
  An orc wizard (D)
  An orc (D)
  2 jackals (D)
  A ball python (D)
48 creatures vanquished.

Vanquished Creatures (collateral kills)
  A harpy (shapeshifter) (D)
  A deep elf pyromancer (D)
  An ugly thing (D)
  A cane toad (shapeshifter) (D)
  A merfolk (D)
  A yak (D)
  A wolf (D)
  A centaur (D)
  A jackal (D)
9 creatures vanquished.

Grand Total: 57 creatures vanquished

Notes
Turn   | Place    | Note
-------+----------+-------------------------------------------
     0 | D        | fingers the Hill Orc Monk began the quest for the Orb.
     0 | D        | Reached XP level 1. HP: 19/19 MP: 1/1
    13 | D        | Found a blossoming altar of Fedhas.
    13 | D        | Found the +6 Majin-Bo {spellvamp, MP+6 Int+6}
    13 | D        | Found the +27 heavy crossbow "Sniper" {heavy, Acc+∞ SInv}
    13 | D        | Found the +10 dark maul {heavy}
    13 | D        | Found the +15 Maxwell's patent armour {-Cast -Tele rElec
                  | Will+ rCorr}
    13 | D        | Found the +18 shield of the Gong {Loud rN+ Will+ rCorr
                  | EV-5}
    13 | D        | Found the +16 obsidian axe {drain, demonic, Mesm Drain Fly
                  | SInv}
    13 | D        | Found the +7 great mace "Firestarter" {flame, immolate,
                  | rFlCloud rF++}
    13 | D        | Found the +6 shillelagh "Devastator" {shatter}
    13 | D        | Found the +11 plutonium sword {Contam Stlth-}
    13 | D        | Found the +8 lance "Wyrmbane" {slay drac, rPois rF+ rC+
                  | AC+3}
    13 | D        | Found the +9 sword of Zonguldrok {reap}
    13 | D        | Found the +13 scythe of Curses {drain, curses, Drain}
    13 | D        | Found the +9 sword of Power {lifebolt}
    13 | D        | Found the +7 mace of Variability {chaos, chaos arc}
    13 | D        | Found the +11 Singing Sword {sonic wave}
    13 | D        | Found the +8 storm bow {elec, penet}
    14 | D        | Found a shimmering blue altar of Sif Muna.
    14 | D        | Found a sacrificial altar of Ru.
    14 | D        | Found a bloodstained altar of Trog.
    14 | D        | Found a stormy altar of Qazlal.
    14 | D        | Found an iron altar of Okawaru.
    14 | D        | Found a sparkling altar of Nemelex Xobeh.
    14 | D        | Banished a spatial maelstrom
    16 | D        | Found a transporter.
    16 | D        | Found an ancient bone altar of Kikubaaqudgha.
    16 | D        | Found a viscous altar of Jiyva.
    16 | D        | Found a corrupted altar of Lugonu.
    16 | D        | Found a hazy altar of Hepliaklqana.
    16 | D        | Found a burning altar of Makhleb.
    16 | D        | Found an opulent altar of Gozag.
    64 | D        | Became a worshipper of the Wu Jian Council
    64 | D        | Reached * piety under Wu Jian
    64 | D        | Reached ** piety under Wu Jian
    76 | D        | Reached skill level 5 in Fighting
    76 | D        | Reached skill level 6 in Axes
    76 | D        | Reached XP level 2. HP: 30/30 MP: 2/2
    85 | D        | Entered arena 2.
    85 | D        | Found a transporter.
    89 | D        | Reached skill level 7 in Axes
    89 | D        | Reached XP level 3. HP: 38/38 MP: 3/3
    95 | D        | Entered arena 3.
    95 | D        | Noticed a naga
    95 | D        | Noticed a naga
    95 | D        | Found a transporter.
    97 | D        | Killed a naga
    98 | D        | Reached skill level 9 in Axes
    98 | D        | Reached skill level 5 in Armour
    98 | D        | Reached skill level 5 in Shields
    98 | D        | Reached XP level 4. HP: 48/48 MP: 4/4
    98 | D        | Reached XP level 5. HP: 53/53 MP: 5/5
    98 | D        | Reached *** piety under Wu Jian
   102 | D        | Killed a naga
   103 | D        | Reached skill level 10 in Axes
   103 | D        | Reached XP level 6. HP: 64/64 MP: 6/6
   108 | D        | Entered arena 4.
   108 | D        | Noticed an ironbound thunderhulk
   108 | D        | Noticed a centaur warrior
   108 | D        | Noticed a vault sentinel
   108 | D        | Noticed a vault warden
   108 | D        | Found a transporter.
   111 | D        | Noticed a red devil
   117 | D        | Killed an ironbound thunderhulk
   118 | D        | Reached skill level 14 in Axes
   118 | D        | Reached XP level 7. HP: 52/74 MP: 7/7
   118 | D        | Reached XP level 8. HP: 58/82 MP: 8/8
   119 | D        | Killed a centaur warrior
   120 | D        | Reached skill level 15 in Axes
   120 | D        | Reached skill level 1 in Evocations
   120 | D        | Killed a vault sentinel
   120 | D        | Reached **** piety under Wu Jian
   121 | D        | Reached skill level 16 in Axes
   121 | D        | Reached skill level 10 in Shields
   121 | D        | Reached XP level 9. HP: 66/92 MP: 9/9
   121 | D        | Killed a vault warden
   122 | D        | Reached skill level 17 in Axes
   207 | D        | Entered arena 5.
   207 | D        | Found a transporter.
   211 | D        | Reached ***** piety under Wu Jian
   212 | D        | Reached skill level 18 in Axes
   216 | D        | Entered arena 6.
   216 | D        | Found a transporter.
   230 | D        | Entered arena 7.
   230 | D        | Noticed a wind drake
   230 | D        | Noticed a merfolk
   230 | D        | Noticed a merfolk
   230 | D        | Noticed a cyclops
   231 | D        | Found a transporter.
   235 | D        | Killed a cyclops
   236 | D        | Reached XP level 10. HP: 88/102 MP: 7/10
   239 | D        | Reached skill level 19 in Axes
   239 | D        | Reached ****** piety under Wu Jian
   250 | D        | Entered arena 8.
   251 | D        | Found a transporter.
   260 | D        | Reached skill level 10 in Armour
   263 | D        | Reached skill level 20 in Axes
   280 | D        | Got the Omnibus of the First Visions
   284 | D        | Entered arena 9.
   284 | D        | Noticed a shining eye
   284 | D        | Noticed a cyan ugly thing
   284 | D        | Noticed a purple ugly thing
   284 | D        | Noticed a brown ugly thing
   284 | D        | Noticed an entropy weaver
   285 | D        | Found a transporter.
   290 | D        | Killed a brown ugly thing
   291 | D        | Killed an entropy weaver
   291 | D        | Killed a purple ugly thing
   292 | D        | Reached skill level 15 in Fighting
   292 | D        | Reached skill level 21 in Axes
   292 | D        | Reached XP level 11. HP: 95/112 MP: 11/11
   293 | D        | Killed a brown ugly thing
   293 | D        | Gained mutation: Your spells are a little easier to cast,
                  | but a little less powerful. [a shining eye]
   294 | D        | Killed a shining eye
   312 | D        | Entered arena 10.
   312 | D        | Noticed a +2 dire flail of holy wrath
   312 | D        | Noticed a deep elf pyromancer
   312 | D        | Noticed a +4 short sword of draining
   312 | D        | Noticed a +1 hand axe of venom
   312 | D        | Noticed a deep elf pyromancer
   312 | D        | Noticed a deep elf archer
   312 | D        | Noticed a deep elf pyromancer
   312 | D        | Noticed a deep elf pyromancer
   313 | D        | Found a transporter.
   315 | D        | Killed a +2 dire flail of holy wrath
   316 | D        | Reached skill level 15 in Shields
   316 | D        | Killed a +1 hand axe of venom
   317 | D        | Killed a deep elf pyromancer
   318 | D        | Reached skill level 22 in Axes
   319 | D        | Killed a +4 short sword of draining
   319 | D        | Killed a deep elf pyromancer
   319 | D        | Killed a deep elf archer
   320 | D        | Killed a deep elf pyromancer
   323 | D        | Killed a deep elf pyromancer
   355 | D        | Entered arena 11.
   355 | D        | Noticed a white ugly thing
   355 | D        | Noticed a shining eye
   355 | D        | Noticed a harpy
   355 | D        | Noticed a shining eye
   356 | D        | Found a transporter.
   359 | D        | Gained mutation: You are weak. (Str -2) [a neqoxec]
   359 | D        | Killed a harpy
   360 | D        | Reached skill level 23 in Axes
   361 | D        | Gained mutation: Potions are less effective at restoring
                  | your health. [a shining eye]
   362 | D        | Killed a shining eye
   362 | D        | Reached XP level 12. HP: 123/124 MP: 12/12
   385 | D        | Entered arena 12.
   385 | D        | Noticed a radroach
   385 | D        | Noticed an entropy weaver
   386 | D        | Noticed a jorogumo
   388 | D        | Found a transporter.
   394 | D        | Paralysed by a jorogumo for 3 turns
   400 | D        | Demolished by a pharaoh ant

Illustrated notes

Levels and vault maps discovered:
D:        sprint_v [room_start, room_1, room_2, room_3, room_4, room_5, room_6,
          room_7, room_8, room_9, room_10, room_11, room_12, room_13, room_14,
          room_15, room_16, room_17, room_18, room_19, room_20, room_21,
          room_22, room_23, room_24, room_25, room_26, room_27]

Skill      XL: |  1  2  3  4  5  6  7  8  9 10 11 12 |
---------------+-------------------------------------+-----
Fighting       | 5 6 8 9 11 12 13 15 16 17 | 17.5
Axes           | 6 7 9 10 14 16 18 21 23 | 23.9
Armour         | 3 4 5 7 8 9 10 11 12 | 12.0
Shields        | 3 4 5 8 10 12 14 16 17 | 17.1
Evocations     | 1 2 |  2.1
Dodging        | |  2.4
Stealth        | |  0.4

Action                     |  1- 3 |  4- 6 |  7- 9 | 10-12 || total
---------------------------+-------+-------+-------+-------++-------
  Melee: Broad axe         |     3 |     8 |    13 |    44 ||    68
 Invoke: Heavenly Storm    |       |       |       |     3 ||     3
         Serpent's Lash    |       |       |       |     2 ||     2
Ability: Lunge             |     1 |     1 |     3 |     5 ||    10
         Whirlwind         |       |     1 |     1 |    10 ||    12
  Evoke: Phantom mirror    |       |     1 |     1 |     2 ||     4
    Use: Potion            |     1 |     3 |       |     4 ||     8
   Stab: Distracted        |       |       |     1 |       ||     1
 Armour: Plate armour      |       |    15 |     4 |    80 ||    99
  Dodge: Dodged            |       |     3 |       |    13 ||    16
  Block: Kite shield       |     5 |    32 |    21 |    73 ||   131

Table legend: (Time is in decaauts)
 A = Elapsed time spent in this place.
 B = Non-inter-level travel time spent in this place.
 C = Inter-level travel time spent in this place.
 D = Time resting spent in this place.
 E = Time spent auto-exploring this place.
 F = Levels seen in this place.
 G = Mean time per level.
                   A        B        C        D        E       F      G
               +--------+--------+--------+--------+--------+-----+--------+
         Total |    396 |    396 |      0 |      0 |     92 |   1 |  396.0 |
       Dungeon |    396 |    396 |      0 |      0 |     92 |   1 |  396.0 |
               +--------+--------+--------+--------+--------+-----+--------+

Top non-repeatable levels by time:
       D: 396 daAuts
